 Dungeon Crawl Stone Soup version 0.16-a0-4133-g472b14a (webtiles) character file.

10448 MrRokkomies the Grappler (level 11, -2/75 HPs)
             Began as a Vine Stalker Transmuter on Mar 3, 2015.
             Was a High Priest of Okawaru.
             Slain by a six-headed hydra (11 damage)
             ... on level 2 of the Lair of Beasts.
             The game lasted 00:50:53 (11607 turns).

MrRokkomies the Grappler (Vine Stalker Transmuter) Turns: 11607, Time: 00:50:56

Health: -2/75      AC:  6    Str: 17    XL:     11   Next: 62%
Magic:  0/20       EV: 21    Int: 13    God:    Okawaru [*****.]
Gold:   706        SH:  0    Dex: 14    Spells: 4 memorised, 3 levels left

rFire  x . .     SeeInvis .       - Unarmed
rCold  + + +     Clarity  .     o - melded +2 robe {MR+} (curse)
rNeg   . . .     SustAb   .     (shield currently unavailable)
rPois  +         Gourm    +     g - melded +1 helmet
rElec  .         Spirit   +     (cloak currently unavailable)
rCorr  .         Warding  .     n - melded +0 pair of gloves
rMut   .         Stasis   .     G - melded +2 pair of boots {Fly}
MR     +....                    I - amulet of the gourmand
Stlth  ++........               p - +3 ring of evasion
                                e - +6 ring of evasion

@: ice-form, somewhat resistant to hostile enchantments, unstealthy
A: (fangs 0), regeneration 2, magic shield, (antimagic bite), no device heal 3,
rot immunity
a: End Transformation, Heroism, Finesse, Renounce Religion


You were on level 2 of the Lair of Beasts.
You worshipped Okawaru.
Okawaru was extremely pleased with you.
You were hungry.
You were a creature of crystalline ice.
You visited 3 branches of the dungeon, and saw 13 of its levels.

You collected 706 gold pieces.

Inventory:

Hand weapons
 A - a +0 blowgun
 N - a +1 shortbow of freezing
Missiles
 b - 111 arrows
 f - 66 poisoned needles
 K - 11 arrows of flame
 P - 41 arrows of frost
Armour
 g - a +1 helmet (melded)
 n - a +0 pair of gloves (melded)
 o - a cursed +2 robe of magic resistance (melded)
 G - a +2 pair of boots of flying (melded)
Jewellery
 e - a +6 ring of evasion (left front paw)
 p - a +3 ring of evasion (right front paw)
 I - an amulet of the gourmand (around neck)
Magical devices
 z - a wand of cold (6)
 B - a wand of fireball (3)
 J - a wand of lightning (6)
 L - a wand of teleportation (5)
 T - a wand of fire (13)
Scrolls
 i - 2 scrolls of magic mapping
 q - a scroll of immolation
 y - a scroll of fear
 C - 2 scrolls of remove curse
 M - 3 scrolls of teleportation
 O - 2 scrolls of recharging
 Q - a scroll of fog
Potions
 c - 5 potions of curing
 h - 3 potions of cancellation
 j - a potion of restore abilities
 k - a potion of invisibility
 m - 3 potions of haste
 t - a potion of lignification
 u - 2 potions of might
 x - 2 potions of ambrosia
 U - a potion of agility
 X - a potion of brilliance {unknown}
Books
 d - a book of Changes

   Spells                             Type                      Level
   a - Beastly Appendage              Transmutation                1
   b - Sticks to Snakes               Transmutation                2
   c - Spider Form                    Transmutation/Poison         3
   d - Ice Form                       Ice/Transmutation            4
   e - Blade Hands                    Transmutation                5
 w - a book of Fire

   Spells                             Type                      Level
   a - Ignite Poison                  Fire/Transmutation           5
   b - Fireball                       Conjuration/Fire             5
   c - Bolt of Fire                   Conjuration/Fire             6
   d - Delayed Fireball               Conjuration/Fire             7
   e - Ring of Flames                 Charms/Fire                  7
Miscellaneous
 V - a sack of spiders
Comestibles
 a - 6 bread rations
 r - 8 meat rations
 s - 3 beef jerkies
 v - 13 fruits
 E - 2 royal jellies


   Skills:
 * Level 9.9 Fighting
 + Level 4.7 Dodging
 - Level 10.0 Unarmed Combat
 - Level 2.1 Spellcasting
 * Level 7.6 Transmutations
 - Level 6.0 Ice Magic


You had 3 spell levels left.
You knew the following spells:

 Your Spells              Type           Power        Failure   Level  Hunger
b - Sticks to Snakes      Trmt           ###.......   1%          2    ###....
c - Spider Form           Trmt/Pois      ##........   17%         3    ####...
d - Stoneskin             Trmt/Erth      ##......     10%         2    ###....
e - Ice Form              Ice/Trmt       ###.....     17%         4    #####..


Dungeon Overview and Level Annotations

Branches:
Dungeon (10/15)            Temple (1/1) D:4            Lair (2/8) D:10
    Orc: D:9-12

Altars:
Ashenzari
Cheibriados
Dithmenos
Elyvilon
Fedhas
Gozag
Kikubaaqudgha
Makhleb
Nemelex Xobeh
Okawaru
Qazlal
Ru
Sif Muna
Trog
Vehumet
Xom
Yredelemnul
Zin
The Shining One
Jiyva

Shops:
D:5 %

Annotations:
D:3 MrRokkomies' ghost, average VSTm
D:4 MrRokkomies' ghost, experienced HuTm
D:5 hornqvist's ghost, experienced VSAs
D:6 1 runed door, hornqvist's ghost, experienced OpAs
D:7 haldagan's ghost, experienced OpCK
D:10 Warcislaw's ghost, experienced MiBe


Innate Abilities, Weirdness & Mutations

((You have razor-sharp teeth.))
You heal very quickly.
When hurt, damage is shared between your health and your magic reserves.
((Your bite disrupts and absorbs the magic of your enemies.))
Potions and wands cannot restore your health.
You are immune to rotting.


Message History

You hit the six-headed hydra. You freeze the six-headed hydra.
The six-headed hydra is heavily wounded.
You punch the six-headed hydra! You freeze the six-headed hydra.
Your bite misses the six-headed hydra.
The six-headed hydra is severely wounded.
The six-headed hydra is no longer moving slowly.
The six-headed hydra completely misses you.
The six-headed hydra bites you!
The six-headed hydra closely misses you.
The six-headed hydra bites you!
The six-headed hydra completely misses you.
The six-headed hydra bites you!
You hit the six-headed hydra. You freeze the six-headed hydra.
You bite the six-headed hydra, but do no damage.
The six-headed hydra is severely wounded.
The six-headed hydra closely misses you.
The six-headed hydra bites you!!
* * * LOW HITPOINT WARNING * * *
The six-headed hydra bites you!
You die...

##.......# #.... .......≈≈≈≈#
##.####P# #...........#≈≈≈≈# ####
### ### #............#≈≈≈# ##.#
#............#.#### ..###
##...!..............
....##########.#.................
#.#..................P##.#####..#
..#.............D.....P.######...
................Y...............#
................................#
............!...%$..............P
................#.....###.......#
......>..............## #.#......
........###########.## #######..
........# .# #.# ...###.## .# #..
...# #.# .. #..


You could see a six-headed hydra.

Vanquished Creatures
  A hydra (Lair:1)
  A hill giant (D:10)
  A spiny frog (Lair:2)
  2 komodo dragons
  Grinder (D:6)
  2 trolls
  A basilisk (Lair:2)
  A trapdoor spider (D:10)
  3 hippogriffs
  A fire elemental (Lair:2)
  2 porcupines (Lair:1)
  2 orc warriors
  A sky beast (D:10)
  2 necrophages
  A black bear (D:8)
  2 water moccasins
  2 phantoms
  10 ogres
  3 ice beasts
  7 centaurs
  A wasp (D:9)
  Sigmund (D:3)
  A crocodile (Lair:2)
  3 big kobolds
  8 giant frogs
  A water moccasin zombie (D:6)
  5 scorpions
  16 wights
  A killer bee (D:6)
  2 giant frog zombies (D:7)
  2 goliath beetles
  3 crimson imps
  An electric eel (Lair:2)
  7 jellies
  2 centaur skeletons (D:10)
  6 hounds
  5 orc priests
  2 giant frog skeletons (D:4)
  6 iguanas
  4 worker ants
  7 orc wizards
  Ijyb (D:4)
  A mummy (D:7)
  Robin (D:3)
  15 river rats (Lair:1)
  10 gnolls
  14 adders
  A shadow imp (D:9)
  3 giant mites (D:6)
  3 worms
  4 adder skeletons
  An adder zombie (D:6)
  2 giant geckos (D:2)
  An ooze (D:5)
  19 orcs
  13 bats
  4 bat skeletons
  A bat zombie (D:5)
  12 giant cockroaches
  22 goblins
  18 hobgoblins
  3 jackals (D:9)
  6 quokkas
  4 ball pythons
  A giant gecko zombie (D:5)
  4 giant newts
  A jackal skeleton (D:9)
  25 kobolds
  A quokka skeleton (D:8)
  10 rats
  A plant (D:10)
332 creatures vanquished.

Vanquished Creatures (others)
  A toadstool (D:5)
1 creature vanquished.

Grand Total: 333 creatures vanquished

Notes
Turn   | Place    | Note
--------------------------------------------------------------
     0 | D:1      | MrRokkomies, the Vine Stalker Transmuter, began the quest for the Orb.
     0 | D:1      | Reached XP level 1. HP: 9/9 MP: 3/3
   342 | D:1      | Reached XP level 2. HP: 9/14 MP: 3/5
   899 | D:2      | Reached XP level 3. HP: 13/17 MP: 2/7
  1008 | D:2      | Learned a level 2 spell: Sticks to Snakes
  1012 | D:2      | Learned a level 3 spell: Spider Form
  1208 | D:2      | Reached skill level 4 in Unarmed Combat
  1214 | D:2      | Reached XP level 4. HP: 13/21 MP: 6/8
  1749 | D:3      | Noticed Robin
  1749 | D:3      | Noticed MrRokkomies' ghost (average VSTm)
  2403 | D:3      | Reached XP level 5. HP: 21/25 MP: 6/11
  2408 | D:3      | Noticed Sigmund
  2431 | D:3      | Killed Sigmund
  2437 | D:3      | Killed Robin
  2583 | D:3      | Gained mutation: You heal very quickly. [vine stalker growth]
  2583 | D:3      | Reached XP level 6. HP: 18/29 MP: 12/12
  2585 | D:3      | Reached skill level 5 in Unarmed Combat
  2724 | D:3      | Learned a level 2 spell: Stoneskin
  3192 | D:4      | Noticed Ijyb
  3210 | D:4      | Killed Ijyb
  3458 | D:4      | Found a staircase to the Ecumenical Temple.
  3487 | Temple   | Entered the Ecumenical Temple
  3586 | Temple   | Became a worshipper of Warmaster Okawaru
  3879 | D:4      | Noticed MrRokkomies' ghost (experienced HuTm)
  3957 | D:5      | Entered Level 5 of the Dungeon
  3961 | D:5      | Reached XP level 7. HP: 28/32 MP: 8/14
  3997 | D:5      | Found Utwor's Food Shoppe.
  4114 | D:5      | Found a sparkling altar of Nemelex Xobeh.
  4260 | D:5      | Reached skill level 6 in Unarmed Combat
  4260 | D:5      | Reached skill level 5 in Transmutations
  4308 | D:5      | Acquired Okawaru's first power
  4620 | D:5      | Gained mutation: You have razor-sharp teeth. [vine stalker growth]
  4620 | D:5      | Reached XP level 8. HP: 37/37 MP: 16/16
  4637 | D:5      | Found a viscous altar of Jiyva.
  4762 | D:5      | Noticed hornqvist's ghost (experienced VSAs)
  4933 | D:4      | Reached skill level 1 in Fighting
  4933 | D:4      | Reached skill level 7 in Unarmed Combat
  5672 | D:6      | Noticed hornqvist's ghost (experienced OpAs)
  6033 | D:6      | Reached skill level 8 in Unarmed Combat
  6033 | D:6      | Reached XP level 9. HP: 42/45 MP: 14/18
  6036 | D:6      | Found a bloodstained altar of Trog.
  6187 | D:6      | Noticed Grinder
  6191 | D:6      | Found a runed door.
  6199 | D:6      | Killed Grinder
  6222 | D:6      | Found a runed door.
  6502 | D:6      | Reached skill level 5 in Fighting
  6511 | D:6      | Learned a level 4 spell: Ice Form
  6534 | D:6      | Reached skill level 9 in Unarmed Combat
  6876 | D:7      | Noticed haldagan's ghost (experienced OpCK)
  7330 | D:8      | Reached skill level 10 in Unarmed Combat
  7330 | D:8      | Reached XP level 10. HP: 24/53 MP: 9/18
  7462 | D:8      | Reached skill level 1 in Ice Magic
  9095 | D:9      | Acquired Okawaru's second power
  9479 | D:10     | Entered Level 10 of the Dungeon
  9491 | D:10     | Reached skill level 5 in Ice Magic
  9562 | D:10     | Received a gift from Okawaru
  9673 | D:10     | Noticed Warcislaw's ghost (experienced MiBe)
  9677 | D:10     | Reached XP level 11. HP: 55/60 MP: 18/20
  9990 | D:10     | Noticed a hill giant
 10000 | D:10     | Killed a hill giant
 10160 | D:10     | Found a staircase to the Lair.
 10266 | Lair:1   | Entered Level 1 of the Lair of Beasts
 10764 | Lair:1   | Noticed a four-headed hydra
 10775 | Lair:1   | Killed a four-headed hydra
 11547 | Lair:2   | Received a gift from Okawaru
 11598 | Lair:2   | Noticed a six-headed hydra
 11607 | Lair:2   | Slain by a six-headed hydra

Action                   |  1- 3 |  4- 6 |  7- 9 | 10-12 || total
-------------------------+-------+-------+-------+-------++-------
Melee: Unarmed           |   106 |   273 |   415 |   479 ||  1273
Throw: Tomahawk          |       |       |     5 |       ||     5
       Stone             |       |       |     1 |       ||     1
 Cast: Beastly Appendage |     5 |    16 |    10 |       ||    31
       Spider Form       |       |     3 |    14 |     6 ||    23
       Stoneskin         |       |       |     1 |     3 ||     4
       Ice Form          |       |       |       |     6 ||     6
Invok: Heroism           |       |       |     1 |     1 ||     2
Evoke: Wand              |       |       |     1 |       ||     1
  Use: Scroll            |     4 |    10 |     9 |     5 ||    28
       Potion            |     1 |     1 |       |       ||     2
 Stab: Distracted        |     1 |       |       |       ||     1
       Sleeping          |       |       |     3 |       ||     3
  Eat: Chunk             |       |    11 |    12 |    15 ||    38
       Beef jerky        |       |       |     1 |       ||     1
       Pizza             |       |       |       |     1 ||     1
